[Event "Romanian Rapid Open 2022"]
[Site "Sebes"]
[Date "2022.12.02"]
[Round "1.37"]
[White "Bichis, Tudor"]
[Black "Dragomirescu, Calin"]
[Result "0-1"]
[ECO "A48"]
[WhiteElo "1145"]
[BlackElo "1971"]
[Annotator "TA"]
[PlyCount "120"]
[EventDate "2022.12.02"]
[EventType "rapid"]
[EventCountry "ROU"]
[SourceTitle "playchess.com"]
[Source "ChessBase"]
[SourceQuality "1"]
[TimeControl "600+5"]

1. d4 Nf6 2. Nf3 g6 3. Nbd2 Bg7 4. e3 O-O 5. Bd3 d6 6. O-O Nbd7 7. b3 c5 8. Bb2 a6 {[%emt 0:00:04] A48: 1 d4 Nf6 2 Nf3 g6: Torre, London and Colle Systems.} 9. c4 b6 10. Rc1 Bb7 {[%emt 0:00:03] [#] The position is equal.} 11. Qe2 $146 ({Predecessor:} 11. d5 e5 12. e4 Nh5 13. Re1 Nf4 14. Bb1 Bc8 15. Nf1 Nf6 16. Ne3 h5 17. h4 {½-½ (59) Seeger,E (1677)-Kimmich,D (1963) Bremen 2014}) 11... cxd4 12. Nxd4 $2 (12. exd4 $11 b5 13. Rc2 (13. cxb5 axb5 14. a3 b4 $11)) 12... Rc8 $2 (12... e5 $19 13. Nf5 gxf5 14. Bxf5 Qe7) 13. Rfd1 (13. b4 $11) 13... Qc7 (13... e5 $17 14. Nf5 gxf5 15. Bxf5 Re8) 14. Bb1 Qb8 15. N4f3 Qa8 16. h3 h5 17. Ne1 Bc6 18. f3 b5 19. e4 bxc4 20. Nxc4 Bb5 21. a4 (21. Bd3 $11) 21... Bxc4 $1 $15 22. Rxc4 Rxc4 23. Qxc4 Rc8 {[%emt 0:00:16] Inhibits b4.} 24. Qd3 (24. Qe2 $15) 24... Ne8 ({Black should try} 24... Nc5 $17 25. Qe3 Qb7) 25. Bxg7 $11 Nxg7 26. Qe3 {[%emt 0:00:29] Against Qa7} a5 27. Bd3 (27. f4 $11 {remains equal.}) 27... Rc3 $17 28. Rb1 (28. Qd2 $15 Rxb3 29. Bc4) 28... Qc8 {[%emt 0:00:27] Black is more active.} 29. Qd2 Qc5+ 30. Kh1 {[%emt 0:00:11] [#] Black converts the advantage convincingly.} (30. Qf2 $15) 30... Qd4 $1 31. Rb2 (31. Qb2 $17) 31... Ne5 32. Bc4 (32. Bb5 $142 Qxd2 33. Rxd2) 32... Qxd2 $19 33. Rxd2 Nxc4 34. bxc4 Rxc4 {[%emt 0:00:03][%mdl 4096] Endgame KRN-KRN} 35. Ra2 (35. Rc2 $142 Rxa4 36. Rc8+ Kh7 37. Kg1) 35... Rc1 36. Re2 Ra1 37. Kh2 Rxa4 38. Rb2 Ne6 39. Nd3 Nc5 40. Nxc5 dxc5 {[%emt 0:00:02] KR-KR} 41. Rc2 (41. Rb5 $142) 41... c4 42. Kg3 Kg7 43. e5 Rb4 {[%emt 0:00:22] White must now prevent ...a4.} 44. Kf4 a4 {[%emt 0:00:16] [#] And now ...a3 would win.} 45. Ke4 $2 (45. Rc3 {was necessary.}) 45... a3 {[%emt 0:00:08] Hoping for ...Rb2.} 46. Ra2 Ra4 47. Kd4 g5 48. Kc3 Kg6 49. g4 hxg4 50. hxg4 f6 51. e6 f5 {[%emt 0:00:01] Threatens to win with ...fxg4.} 52. Kd4 fxg4 53. fxg4 Kf6 54. Kc5 c3 {[%emt 0:00:23] Black mates.} 55. Kb5 Ra8 56. Kb4 c2 57. Ra1 a2 58. Kb3 c1=Q 59. Rxc1 a1=Q 60. Rxa1 Rxa1 {Weighted Error Value: White=0.69/Black=0.23 (precise)} 0-1

[Event "Romanian Rapid Open 2022"]
[Site "Sebes"]
[Date "2022.12.02"]
[Round "1.38"]
[White "Tampea, Radu"]
[Black "Raditoiu, Laurentiu"]
[Result "1-0"]
[ECO "D00"]
[WhiteElo "2110"]
[BlackElo "1316"]
[Annotator "NA RC COMBH"]
[PlyCount "63"]
[EventDate "2022.12.02"]
[EventType "rapid"]
[EventCountry "ROU"]
[SourceTitle "playchess.com"]
[Source "ChessBase"]
[SourceQuality "1"]
[TimeControl "600+5"]

1. d4 d5 2. Bf4 c5 3. e3 Nc6 4. c3 Bf5 5. Qb3 cxd4 6. Qxb7 Bd7 7. exd4 e6 8. Bb5 Qc8 9. Qxc8+ Rxc8 10. Ba6 Nxd4 11. cxd4 Bb4+ 12. Bd2 Rc1+ 13. Ke2 Rc2 14. a3 Bxd2 15. Nxd2 Rxb2 16. Ngf3 Ne7 17. Rhb1 Rxb1 18. Rxb1 O-O 19. Rb7 Rd8 20. Ne5 Nc6 21. Rxd7 Rxd7 22. Nxd7 Nxd4+ 23. Kd3 Nf5 24. Ne5 f6 25. Nc6 e5 26. Nxa7 e4+ 27. Ke2 Nd6 28. Nb5 Nf7 29. Bb7 f5 30. Bxd5 Kf8 31. Bxf7 Kxf7 32. a4 1-0

[Event "Romanian Rapid Open 2022"]
[Site "Sebes"]
[Date "2022.12.02"]
[Round "1.39"]
[White "Sandea, Dorin-Gheorghe"]
[Black "Cordea, David"]
[Result "0-1"]
[ECO "B01"]
[WhiteElo "1227"]
[BlackElo "2049"]
[Annotator "TA"]
[PlyCount "54"]
[EventDate "2022.12.02"]
[EventType "rapid"]
[EventCountry "ROU"]
[SourceTitle "playchess.com"]
[Source "ChessBase"]
[SourceQuality "1"]
[TimeControl "600+5"]

1. e4 d5 2. exd5 Qxd5 3. Nc3 Qd8 4. d4 Nf6 5. Nf3 e6 6. Bg5 Be7 7. Bd3 O-O 8. O-O h6 {[%emt 0:00:14] B01: Scandinavian Defence.} 9. Bd2 (9. Bf4 $14) 9... c5 10. dxc5 Bxc5 {[%emt 0:00:02] [#] The position is equal.} 11. h3 $146 ({Predecessor:} 11. Ne4 Nbd7 12. Qe2 a6 13. Rad1 Qe7 14. Nxc5 Nxc5 15. Bb4 Nd5 16. Bc4 Nxb4 17. Nd4 {1-0 (51) Lombardi,D (863)-Villar,J (928) LSS email 2013}) 11... Bd7 12. Re1 (12. Qe2 {keeps more tension.} Bc6 13. Ne5 Qe7 14. Rad1) 12... Qb6 13. Be3 (13. Qe2 $14) 13... Bxe3 $11 (13... Bc6 {with more complications.} 14. Bxc5 Qxc5 15. Ne5 Nbd7) 14. Rxe3 Nc6 15. Rb1 Nb4 16. a3 Nxd3 17. Rxd3 Rfd8 18. Qe1 Bc6 19. b4 $2 {[%emt 0:01:03] [#] Loses the game.} (19. Ne5 $11 {and White stays safe.}) 19... Rxd3 $19 20. cxd3 Bxf3 21. gxf3 Rd8 22. Rd1 Qd4 {[%emt 0:00:29] Prevents Qe5.} 23. Ne4 (23. Qd2 $142) 23... Nd5 24. Qe3 $2 {[%emt 0:01:55] [#]} (24. Qe2) 24... Nxe3 25. fxe3 Qxe3+ 26. Kg2 Rxd3 27. Rxd3 Qxd3 {[%emt 0:00:04] Weighted Error Value: White=0.98/Black=0.09 (flawless)} 0-1

[Event "Romanian Rapid Open 2022"]
[Site "Sebes"]
[Date "2022.12.02"]
[Round "1.40"]
[White "Oltean, Cristian-Daniel"]
[Black "Topircean, Ioan"]
[Result "1-0"]
[ECO "C42"]
[WhiteElo "1896"]
[BlackElo "1290"]
[Annotator "NA RC COMBH"]
[PlyCount "61"]
[EventDate "2022.12.02"]
[EventType "rapid"]
[EventCountry "ROU"]
[SourceTitle "playchess.com"]
[Source "ChessBase"]
[SourceQuality "1"]
[TimeControl "600+5"]

1. e4 e5 2. Nf3 Nf6 3. Nxe5 Qe7 4. d4 Nxe4 5. Bd3 d6 6. Bxe4 dxe5 7. O-O Nd7 8. Re1 f6 9. dxe5 Nxe5 10. f4 Qc5+ 11. Be3 Qb4 12. fxe5 Qxe4 13. exf6 gxf6 14. Bf2 Bf5 15. Nc3 Qxe1+ 16. Qxe1+ Be7 17. Bc5 Kf7 18. Qxe7+ Kg6 19. Nd5 Rhf8 20. Nf4+ Kg5 21. Be3 Rae8 22. Ne6+ Kg4 23. Qb4+ Kh5 24. Ng7+ Kg6 25. Nxe8 Rxe8 26. Re1 b6 27. Qf4 h5 28. Qh6+ Kf7 29. Rf1 Bg6 30. Bd4 Re6 31. Qh8 1-0

[Event "Romanian Rapid Open 2022"]
[Site "Sebes"]
[Date "2022.12.02"]
[Round "2.1"]
[White "Jianu, Vlad-Cristian"]
[Black "Dragomirescu, Calin"]
[Result "1-0"]
[ECO "E65"]
[WhiteElo "2516"]
[BlackElo "1971"]
[Annotator "TA"]
[PlyCount "111"]
[EventDate "2022.12.02"]
[EventType "rapid"]
[EventCountry "ROU"]
[SourceTitle "playchess.com"]
[Source "ChessBase"]
[SourceQuality "1"]
[TimeControl "600+5"]

1. d4 Nf6 2. Nf3 g6 3. g3 Bg7 4. Bg2 O-O 5. O-O d6 6. b3 c5 7. Bb2 cxd4 8. Nxd4 a6 9. c4 Qc7 10. Nc3 Nc6 11. Rc1 Nxd4 12. Qxd4 Be6 13. Rfd1 {[%emt 0:00:30] E65: King's Indian: Fianchetto: 6...c5 7 0-0 without d5 by White.} Rab8 {[%emt 0:00:39] [#]} 14. h3 $146 ({Predecessor:} 14. Qd3 Rfe8 15. Nd5 Qa5 16. Nxf6+ exf6 17. a3 Red8 18. Bd5 Re8 19. Bxe6 Rxe6 20. e3 h5 21. Qd5 b5 22. b4 {1-0 (68) Dziuba,M (2583)-Kruckenhauser,A (2283) Chess.com INT 2021}) 14... Rfc8 15. Qe3 {[%emt 0:01:47] White has an edge.} Qc5 16. Qxc5 Rxc5 (16... dxc5 $11 {deserves consideration.} 17. Ba3 b6) 17. Na4 $14 Ra5 (17... Rh5 $142) 18. Bc3 $1 $16 Rxa4 19. bxa4 Nd7 {[%emt 0:00:03] Inhibits c5.} 20. Bxg7 Kxg7 21. a5 Nc5 22. Bd5 (22. Rd2 $142) 22... Bxh3 23. Rd2 Be6 24. Rb2 Bxd5 25. cxd5 {[%emt 0:00:01][%mdl 4096] Endgame KRR-KRN} Kf6 26. Kg2 h5 27. Rc4 Ke5 28. Rd2 {[%emt 0:00:18] White is more active.} (28. e4 $1 $16) 28... b6 29. axb6 Rxb6 30. f4+ (30. g4 $1 $16) 30... Kf6 31. e4 a5 32. Kf3 a4 (32... Rb1 $14) 33. Rdc2 (33. Rc1 $16) 33... Rb1 34. Rd4 Rf1+ 35. Ke2 (35. Rf2 $5 Rc1 36. Re2 $14) 35... Rh1 {[%emt 0:00:09][%mdl 8192] [#]} (35... Rg1 $11 {and Black is okay.}) 36. Rxc5 $1 $18 dxc5 {[%emt 0:00:01] [#]} 37. Rxa4 {[%emt 0:00:01] KR-KR} ({White has to play} 37. e5+ $1 $18 Kf5 38. d6 (38. Rxa4 Rh3 $15) 38... exd6 {[#]} 39. exd6 $1 cxd4 40. d7 d3+ 41. Ke3) 37... h4 (37... Rg1 $11) 38. gxh4 $1 $14 Rxh4 39. Kf3 Rh3+ 40. Kg4 Rc3 (40... Rd3 $11 {remains equal.}) 41. Ra7 $16 {[%emt 0:00:04] aiming for e5+.} Rd3 42. Rc7 {[%emt 0:00:01] Prevents c4.} Ra3 $2 (42... c4 $14) 43. e5+ $18 (43. Rxc5 Rxa2 44. Rc7 Rd2 $14) 43... Kg7 44. Rxe7 {[%emt 0:00:02] Black must now prevent e6.} ({Not} 44. Rxc5 Rxa2 45. Rc7 Kf8 $11) 44... Kf8 {[%emt 0:00:14] Against e6} 45. Rc7 Rxa2 46. d6 Rd2 47. Rxc5 Kg7 48. Kf3 {[%emt 0:00:10] White threatens Ke3 and mate.} Rd1 49. Ke2 Rd4 50. Ke3 Rd1 51. Rc4 {[%emt 0:00:16] Rd4 would kill now.} Kf8 52. Rd4 {[%emt 0:00:12] White mates.} Rxd4 53. Kxd4 Ke8 54. Kc5 Kd8 55. Kc6 Kc8 56. d7+ {[%emt 0:03:11] Weighted Error Value: White=0.20 (precise) /Black=0.68} 1-0

[Event "Romanian Rapid Open 2022"]
[Site "Sebes"]
[Date "2022.12.02"]
[Round "2.2"]
[White "Cordea, David"]
[Black "Ardelean, George-Catalin"]
[Result "0-1"]
[ECO "A46"]
[WhiteElo "2049"]
[BlackElo "2473"]
[Annotator "TA"]
[PlyCount "143"]
[EventDate "2022.12.02"]
[EventType "rapid"]
[EventCountry "ROU"]
[SourceTitle "playchess.com"]
[Source "ChessBase"]
[SourceQuality "1"]
[TimeControl "600+5"]

1. d4 d5 2. Nf3 e6 3. g3 b5 4. Bg2 Nf6 5. O-O c5 6. c3 {[%emt 0:00:10] A46: 1 d4 Nf6 2 Nf3 e6: Torre, London and Colle Systems.} (6. a4 $5 ) 6... Nbd7 7. Nbd2 Bb7 8. Re1 {[%emt 0:00:46][%cal Oe2e4] The position is equal.} Be7 9. Nb3 O-O (9... c4 $5 10. Nbd2 O-O $15) 10. Bf4 {[%emt 0:01:01] [#]} Qb6 $146 ({Predecessor:} 10... c4 11. Nbd2 Nh5 12. e3 b4 13. Ne5 Nxf4 14. exf4 Nxe5 15. fxe5 Qb6 16. f4 Rab8 {½-½ (55) Lie,E (2464)-Stanford,M (2380) Tromsoe 2010}) 11. dxc5 Nxc5 12. Be3 Nfd7 13. Nxc5 Bxc5 14. Bxc5 Qxc5 15. Qd4 (15. e4 {is more complex.} a5 16. a3 dxe4 17. Qxd7 exf3 18. Qxb7 fxg2 19. Red1) 15... Qc7 16. Red1 e5 17. Qb4 Bc6 18. Nh4 {[%emt 0:00:18][%cal Oh4f5] Threatens to win with Nf5!} a5 19. Qe7 (19. Qa3 $5 ) 19... Rfe8 20. Qg5 h6 21. Qd2 (21. Qe3 $5 ) 21... Nf6 22. Nf5 Rad8 23. h3 Bd7 24. Nxh6+ gxh6 $17 25. Qxh6 Qc6 26. Qg5+ Kh8 (26... Kf8 $17 27. a4 bxa4) 27. Qh4+ (27. a4 $11) 27... Kg8 28. Qg5+ $1 Kf8 29. e3 Qe6 30. g4 Bc6 31. Rd2 Nh7 32. Qh4 Qg6 33. Rad1 e4 34. b3 Kg7 {[%emt 0:00:36] Prevents c4.} 35. c4 bxc4 36. bxc4 Ng5 {[%emt 0:00:08] aiming for ...Qf6.} 37. cxd5 (37. Qg3 $17) 37... Bb5 ({Black should play} 37... Rh8 $19 38. Qg3 Ba4) 38. Qg3 {[%emt 0:00:10] [#]} Bd3 $1 39. h4 Nh7 40. f4 (40. f3 $17) 40... exf3 (40... Rxd5 41. Bh3 $17) (40... Nf6 $19 {is more deadly.} 41. Bh3 Nxd5) 41. Qxf3 Be4 42. Qg3 (42. Qf4 $17 {was called for.}) 42... Bxg2 $19 43. Kxg2 (43. Rxg2 {was necessary.} Nf6 44. Qf3) 43... Nf6 44. Rd4 {[%emt 0:00:04] [#]} Re4 (44... Rb8 $1 $19 45. Rf1 Rb2+ 46. Kg1 Re2) 45. Rxe4 Qxe4+ ({And not} 45... Nxe4 46. Qe5+ Kg8 47. Qf5 $17) 46. Qf3 Qe5 ({Not} 46... Qxg4+ 47. Qxg4+ Nxg4 48. Kf3 Ne5+ 49. Kf4 $17) 47. Rd4 Nxd5 {[%emt 0:00:00] Black has more active pieces.} 48. Re4 {[%emt 0:00:04][%mdl 8192] White does not recover from this.} (48. Kh3 $17 {nothing else works.}) 48... Qb2+ 49. Kg3 (49. Qf2 {might work better.} Qc1 50. h5) 49... Nf6 ({Weaker is} 49... Qxa2 50. Qf5 $17) 50. Rf4 (50. Rc4 $142) 50... Qe5 {[%emt 0:00:00] ...Rd3 is the strong threat.} 51. Kh3 Qe6 {[%emt 0:00:00] Strongly threatening ...Rd3.} 52. Kg3 $2 (52. h5 Nxh5 53. Re4) 52... Rd3 53. g5 Rxe3 {[%emt 0:00:00] Black mates.} 54. gxf6+ {[%emt 0:00:06] KQR-KQR} Kh6 55. a3 Rxf3+ 56. Rxf3 {[%emt 0:00:01] KQ-KR} Kh5 57. Rf4 Qe3+ 58. Rf3 Qe1+ 59. Kf4 Kxh4 60. Re3 Qd2 61. Ke4 Kg4 62. Rd3 Qc2 63. Kd4 Kf4 64. Rc3 Qb2 65. Kd3 Qb5+ 66. Kc2 Qb6 67. Rc4+ Kf5 68. Kc3 Kxf6 69. a4 Kg5 70. Rd4 f5 71. Rd5 Qb4+ 72. Kd3 {[%emt 0:00:01] Weighted Error Value: White=0.59/Black=0.26 (precise)} 0-1

[Event "Romanian Rapid Open 2022"]
[Site "Sebes"]
[Date "2022.12.02"]
[Round "2.3"]
[White "Gavrilescu, David"]
[Black "Tampea, Radu"]
[Result "1-0"]
[ECO "B31"]
[WhiteElo "2523"]
[BlackElo "2110"]
[Annotator "TA"]
[PlyCount "51"]
[EventDate "2022.12.02"]
[EventType "rapid"]
[EventCountry "ROU"]
[SourceTitle "playchess.com"]
[Source "ChessBase"]
[SourceQuality "1"]
[TimeControl "600+5"]

1. e4 c5 2. Nf3 Nc6 3. Bb5 g6 4. O-O Bg7 5. c3 e5 6. d4 cxd4 7. cxd4 exd4 8. Bf4 a6 9. Bc4 {[%emt 0:00:10][%mdl 1024] White has compensation.} d6 {[%emt 0:00:26] B31: Sicilian: 2...Nc6 3 Bb5 g6.} 10. Nbd2 {[%emt 0:03:11] [#]} (10. Ng5 {feels hotter.} Nh6 11. Bd5 O-O 12. h3) 10... b5 $146 ({Predecessor:} 10... h6 11. Bd5 Nge7 12. Nc4 O-O 13. Bxd6 Re8 14. Bg3 Rf8 15. h3 Nxd5 16. exd5 Ne7 17. Nxd4 Nxd5 {1-0 (44) Anand,V (2751)-Wang,H (2744) Stavanger 2022}) 11. Bd5 Nge7 {[%emt 0:00:01] The position is equal.} 12. Nb3 Nxd5 13. exd5 Ne5 14. Nbxd4 (14. Re1 {simplifies} O-O 15. Nxe5 dxe5 16. Bxe5 Qxd5 17. Bxg7 Kxg7 18. Qxd4+ Qxd4 19. Nxd4 Ra7 20. Rad1) 14... O-O (14... Nxf3+ $142 15. Nxf3 O-O) 15. Nc6 $11 Nxc6 16. dxc6 d5 (16... Bf5 $14) 17. Qd2 $16 {[%emt 0:00:00] White is more active.} Bg4 (17... d4 $16) 18. Ne5 Be6 {[%emt 0:00:26] [#]} 19. Rac1 (19. c7 $1 $18 Qc8 20. Rac1) 19... Rc8 {[%emt 0:00:03] [#]} (19... Qb6 $16 20. c7 Rac8) 20. Rfe1 (20. c7 $1 $18 {[%cal Rc7d8] and the rest is easy.} Qh4 21. Rfe1) 20... Qb6 (20... Re8 $16 {was necessary.}) 21. Nd7 $18 Bxd7 (21... Qd4 22. Qxd4 Bxd4 23. Nxf8 Kxf8) 22. cxd7 Rxc1 23. Qxc1 ({Weaker is} 23. Rxc1 Qe6 $16) 23... Bd4 24. Re8 {[%emt 0:00:00] Bh6 would kill now.} Bxf2+ 25. Kh1 Bh4 26. Bh6 {[%emt 0:00:00][%mdl 64] Pin.   Weighted Error Value: White=0.24 (precise) /Black=0.87} 1-0

[Event "Romanian Rapid Open 2022"]
[Site "Sebes"]
[Date "2022.12.02"]
[Round "2.4"]
[White "Dan, Cantemir-Dorian"]
[Black "Miron, Lucian-Costin"]
[Result "0-1"]
[ECO "A46"]
[WhiteElo "2036"]
[BlackElo "2510"]
[Annotator "TA"]
[PlyCount "86"]
[EventDate "2022.12.02"]
[EventType "rapid"]
[EventCountry "ROU"]
[SourceTitle "playchess.com"]
[Source "ChessBase"]
[SourceQuality "1"]
[TimeControl "600+5"]

1. d4 Nf6 2. Nf3 e6 3. g3 b5 4. a4 b4 5. c4 bxc3 6. bxc3 {[%emt 0:00:14] A46: 1 d4 Nf6 2 Nf3 e6: Torre, London and Colle Systems.} Nc6 7. Bg2 Rb8 8. O-O {[%emt 0:00:30] The position is equal.} Na5 9. Ba3 Bxa3 10. Nxa3 Ba6 11. Qc2 d5 {[%emt 0:00:52] [#] Prevents c4.} 12. Rfb1 $146 ({Predecessor:} 12. Ne5 O-O 13. Rfb1 Nd7 14. Rxb8 Nxb8 15. Nd3 Bxd3 16. Qxd3 Nbc6 17. Rd1 Qe7 18. c4 {1-0 (44) Wiechert,H (2185)-Buecker,S (2291) Walldorf 2017}) 12... Rb6 {[%emt 0:01:09] [#]} (12... Rxb1+ $11 13. Rxb1 O-O) 13. Ne5 (13. Rb5 $1 $14 {is superior.} Bxb5 14. axb5) 13... O-O 14. e3 Nd7 15. Nd3 Qe7 16. Nb4 Bc4 17. Nxc4 Nxc4 (17... dxc4 $11 {and Black is okay.} 18. d5 Nc5) 18. a5 $18 Rd6 19. Bf1 (19. e4 $18 {is more deadly.}) 19... c5 $16 {[%emt 0:00:07] [#]} 20. Nd3 Rc6 (20... cxd4 $16 21. cxd4 Ra8) 21. Rb7 $18 cxd4 22. exd4 ({Stronger than} 22. Rxa7 dxe3 23. fxe3 Qd6 $15) 22... Nd6 23. Rb3 ({Much less strong is} 23. Rxa7 Qd8 24. Qa4 Rc7 25. Rxc7 Qxc7 $18) ({White should try} 23. Ne5 $18 Nxb7 24. Nxc6) 23... g6 24. Rab1 Nc4 25. Qa2 {[%emt 0:00:12] Prevents Na3.} Qd6 26. Qa4 $2 (26. Rb7 $11) 26... Nd2 $1 $19 {[%emt 0:00:14][%csl LRb1,LRb3] Pair of Knights!} 27. Nb4 Rcc8 28. Ba6 Rc7 29. R1b2 Nxb3 30. Rxb3 Nf6 31. f3 Rb8 $2 (31... e5 $19 {has better winning chances. ...exd4 is the strong threat.} 32. Qa3 e4) 32. Bb5 (32. Nxd5 $17 Rxb3 33. Nxf6+ Kh8 34. Qxb3 Qxa6 35. Qa3) 32... Rbc8 33. Ba6 Rf8 34. Bb5 e5 35. Na6 Re7 36. Nc5 exd4 37. cxd4 Rb8 38. Na6 (38. Qa2 {was necessary.}) 38... Rc8 39. Nc5 (39. Rb1 $142 Re3 40. Qd1) 39... Rxc5 40. dxc5 Qxc5+ 41. Kg2 Qc2+ $2 (41... Re1 {( -> ...Qc2+)} 42. Kh3 Rg1) 42. Kf1 $2 (42. Kh3 Re5 43. Rb4) 42... Qxh2 43. Qf4 Nh5 {[%emt 0:00:26] Weighted Error Value: White=0.91/Black=0.35} (43... Qh1+ $142 44. Kf2 {[#]} Re1 $1 45. Qb8+ Kg7 46. Qf8+ Kxf8 47. g4 Qg1#) 0-1

[Event "Romanian Rapid Open 2022"]
[Site "Sebes"]
[Date "2022.12.02"]
[Round "2.5"]
[White "Costachi, Mihnea"]
[Black "Oltean, Cristian-Daniel"]
[Result "1-0"]
[ECO "D33"]
[WhiteElo "2476"]
[BlackElo "1896"]
[Annotator "TA"]
[PlyCount "149"]
[EventDate "2022.12.02"]
[EventType "rapid"]
[EventCountry "ROU"]
[SourceTitle "playchess.com"]
[Source "ChessBase"]
[SourceQuality "1"]
[TimeControl "600+5"]

1. d4 d5 2. c4 e6 3. Nc3 c5 4. cxd5 exd5 5. Nf3 Nc6 6. g3 Nf6 7. Bg2 cxd4 {[%emt 0:00:03] outshines the older 7...Be7.} 8. Nxd4 Bc5 9. Nb3 (9. Be3 {with more complications.} Qb6 10. Na4 Qa5+ 11. Bd2) 9... Bb6 {[%emt 0:00:03] D33: Tarrasch Defence: 6 g3 sidelines.} 10. O-O (10. Bxd5 Nb4 11. Bf3 Qxd1+ 12. Kxd1 Ng4 13. Bxg4 Bxg4 $11) 10... d4 11. Na4 O-O {[%emt 0:00:04] The position is equal.} 12. Nxb6 axb6 13. Bg5 Be6 14. Bxc6 bxc6 (14... Bxb3 {simplifies} 15. Qxb3 bxc6 16. e3 c5) 15. Qxd4 c5 {[%emt 0:00:03] [#]} 16. Bxf6 $146 ({Predecessor:} 16. Qh4 h6 17. Bxf6 Qxf6 18. Qxf6 gxf6 19. Rfd1 Rfd8 20. Rxd8+ Rxd8 21. e3 Bh3 22. Rc1 {0-1 (62) Harshavardhan,G (2397)-Nesterov,A (2476) Chess.com INT 2021}) 16... Qxf6 17. Qxf6 gxf6 18. Rfd1 Rfd8 19. Rxd8+ Rxd8 $11 {[%emt 0:00:02][%mdl 4096] Endgame KRB-KRN} 20. e3 Ra8 {[%emt 0:00:36] Strongly threatening ...Bxb3.} 21. Nc1 Rd8 22. Nb3 Ra8 {[%emt 0:00:02] aiming for ...Bxb3.} 23. Nd2 Bxa2 ({Better is} 23... Rd8 $14 24. Ne4 f5) 24. b3 (24. Ne4 $1 $16) 24... Kg7 $14 25. Kf1 b5 (25... Ra6 $14) 26. Ke1 $16 Ra3 27. e4 ({White should try} 27. Ne4 $16 c4 28. b4 (28. bxc4 b4 $11)) 27... Ra6 (27... Kf8 $11) 28. f4 (28. Nb1 $16 {Threatens to win with Nc3.} b4 29. Nd2) 28... c4 (28... Ra3 $11) 29. bxc4 $14 bxc4 30. Rc1 {[%emt 0:00:37] Against c3} (30. Nb1 $5 Rb6 31. Nc3 $14 (31. Rxa2 Rxb1+ 32. Ke2 Rb3 $14)) 30... Rc6 31. Rc3 (31. Rc2 Ra6 $16) 31... Rb6 32. Ke2 (32. Nxc4 $2 {perishes.} Rc6 33. Rc2 Bxc4 $19) 32... Bb1 (32... Rb2 $14) 33. Rxc4 $16 Rb2 34. Ke3 Ba2 (34... f5 $16 {was worth a try.}) 35. Rc7 $18 Be6 (35... Rb8 {was called for.} 36. f5 Bb3) 36. f5 Ba2 37. h4 h5 38. Ra7 Bb1 39. Rd7 Bc2 (39... Kg8 {might work better.} 40. Kf4 Rb4) 40. Kf4 (40. Nc4 $1 $18 Rb3+ 41. Kf4) 40... Rb4 $16 41. Rc7 Bd1 (41... Bd3 $16 42. Ke3 Ba6) 42. Rc4 Rb2 43. Rd4 Ra2 44. Rd3 {[%emt 0:00:05] Prevents Ra3.} (44. Ke3 $16) 44... Bc2 (44... Be2 $11 {keeps the balance.} 45. Rd6 Ra3) 45. Rd6 Ra3 {[%emt 0:00:03] [#]} (45... Bd1 $16 {is a better defense.}) 46. Nc4 $1 $18 Rc3 (46... Ra4 47. Rc6 Ra2) 47. Rd4 (47. Nb6 $142) 47... Bd3 48. Ne3 {[%emt 0:00:10] And now Rd6 would win.} Be2 49. Rd2 Bb5 50. g4 hxg4 51. Rg2 Bc6 $2 (51... Rc1 {was necessary.} 52. Rxg4+ (52. Nxg4 Rf1+ 53. Ke3 Rb1 $18) 52... Kh6) 52. Nxg4 Rc1 53. Ne5+ (53. Ne3+ $18 Kf8 54. h5) 53... Kf8 54. Nxc6 {White is more active.} (54. Nf3 $16) 54... Rxc6 $16 {[%emt 0:00:01] KR-KR} 55. Rg3 Rc1 56. Rh3 Rf1+ 57. Rf3 Rh1 58. Kg4 Re1 59. Kf4 Rh1 60. Kg3 Re1 61. Rf4 Kg7 62. Rg4+ Kh7 63. Kf2 Rh1 64. Ke3 Rd1 65. Rg2 Rh1 66. Rg4 Rd1 67. Ke2 Rh1 68. Kd3 Kh6 69. Kd4 Rd1+ 70. Kc5 Kh7 (70... Kh5 $5 71. Rf4 (71. Rg7 Kxh4 72. Rxf7 Kg5 $11) 71... Rd2 $11) 71. Rg3 Rh1 {[%emt 0:00:01] [#]} (71... Re1 $11 {remains equal.}) 72. Kd6 $1 Rxh4 73. Ke7 $1 Rxe4+ 74. Kxf7 {[%emt 0:00:01] Threatening mate with Rh3+.} ({Don't play} 74. Kxf6 $6 Ra4 $11) 74... Ra4 $2 (74... Rh4 $16 75. Kxf6 Ra4) 75. Rh3+ {[%emt 0:00:02] Weighted Error Value: White=0.30/Black=0.37} 1-0

[Event "Romanian Rapid Open 2022"]
[Site "Sebes"]
[Date "2022.12.02"]
[Round "2.6"]
[White "Anghel, Iulian-Mihai"]
[Black "Anton, Teodor"]
[Result "0-1"]
[ECO "C45"]
[WhiteElo "2061"]
[BlackElo "2438"]
[Annotator "TA"]
[PlyCount "80"]
[EventDate "2022.12.02"]
[EventType "rapid"]
[EventCountry "ROU"]
[SourceTitle "playchess.com"]
[Source "ChessBase"]
[SourceQuality "1"]
[TimeControl "600+5"]

1. e4 e5 2. Nf3 Nc6 3. d4 exd4 4. Nxd4 Bc5 5. Nb3 Bb6 6. Nc3 Qf6 7. Qe2 Nge7 8. Be3 d6 {[%emt 0:00:40] now supersedes 8...0-0. C45: Scotch Game.} 9. O-O-O Bd7 10. f3 h6 {[%emt 0:00:19] The position is equal.} 11. h4 O-O-O {[%emt 0:00:17] [#]} 12. h5 $146 ({Predecessor:} 12. g3 Qg6 13. g4 h5 14. g5 f5 15. Bh3 Rhe8 16. Kb1 fxe4 17. Bxd7+ Rxd7 18. fxe4 {1-0 (65) Goh,W (2449)-Wong,M (2355) Kuala Lumpur 2011}) 12... g5 13. hxg6 fxg6 14. Qd2 (14. Rxh6 $2 {loses.} Rxh6 15. Bxh6 g5 $19) 14... g5 15. Bb5 Ne5 (15... Bxe3 $11 16. Qxe3 Kb8) 16. Bxd7+ (16. Bxb6 {simplifies} axb6 17. Bxd7+ Rxd7 18. Qe3) 16... Rxd7 (16... Nxd7 {simplifies} 17. Rh5 Kb8 18. Rdh1 Bxe3 19. Qxe3 a6) 17. Bxb6 axb6 18. Nd5 Nxd5 19. exd5 Nc4 20. Qd4 Qxd4 21. Nxd4 Ne3 $40 {[%emt 0:00:08][%csl LRd1,LRd5,LRg2][%mdl 128] Black is up to no good.} 22. Rd2 Nxd5 23. Nf5 Nf4 24. Rxh6 (24. g3 $11 Ne6 25. Rxh6 Rxh6 26. Nxh6) 24... Rxh6 $17 25. Nxh6 $11 {[%emt 0:00:05][%mdl 4096] Endgame [#] KRN-KRN} Rh7 $1 {[%emt 0:00:03] Against c4} 26. Ng4 Rh1+ 27. Rd1 Rxd1+ 28. Kxd1 Nxg2 $17 {[%emt 0:00:02] KN-KN} 29. Nf6 Nf4 30. Kd2 Kd8 31. Ne4 Ne6 32. Ke3 ({Better is} 32. c4) 32... d5 33. Nf6 {[%emt 0:00:05] [#]} c6 34. c3 Ke7 35. Ng4 b5 36. a3 (36. Nh6 $17) 36... Kd6 37. Kd3 $2 (37. Nf2) 37... Nc5+ $19 38. Kd2 Ke6 {[%emt 0:00:07] aiming for ...Nd7.} 39. b4 $2 (39. Nf2) 39... Nd7 40. Ne3 Ke5 {Weighted Error Value: White=0.27 (precise) /Black=0.07 (flawless)} 0-1